Workbook

Sheet Summary
A1: ShopEase Ecommerce Analysis (Drivers of Profitablity)
A3: Overall Performance
A4: Total Revenue | B4: =SUBTOTAL(109,Table1[Revenue]) -> 300900.25
A5: Total Profit | B5: =SUBTOTAL(109,Table1[Profit]) -> 74072.25
A6: Overall Margin | B6: =B5/B4 -> 0.24616879
A7: Primary Drivers of Low / Reduced Profitability
A8: 1. Electronics Category | B8: Electronics generates the most profit in dollars but has the lowest margin of any category. Smartphone and laptop specifically have low profit margins compared to every other product line.
A9: 2. Discount(above 20%) decreases profitability | B9: Profit Margin decreases steadily as discount level increases (Roughly 41% average margin at 0% discount down to ~22% at 25% discount). Discounting above 20% is a direct, material driver of reduced profitability. See Chart on Discount Analysis for details
A10: 3.Regional Shipping Efficiency. | B10: South region's shipping cost runs at about 5.3% of revenue against 2.9% to 3.6 % in other regions. This high shipping cost is specific to the south region only and not pricing or discount issue
A11: 4. Customers (Consumer segment) | B11: The consumer segment have the highest Revenue and profit amongst segments but lowest margin and more than double shippoing cost. Continuous concentrated growth in the consumer segment will pull the blended margin down if nothin changes.
A12: Supporting Details
A13: Electronics Margin | B13: 0.14944768
A14: Beauty Margin(Highest Driver of Profitability) | B14: 0.43958695
A15: Smartphone Margin | B15: =INDEX('Product Analysis'!E:E,MATCH("Smartphone",'Product Analysis'!A:A,0)) -> 0.13187933
A16: Laptop Margin | B16: =INDEX('Product Analysis'!E:E,MATCH("Laptop",'Product Analysis'!A:A,0)) -> 0.086262239
A17: Margin at 0% discount | B17: =INDEX('Discount Analysis'!D:D,MATCH(0,'Discount Analysis'!A:A,0)) -> 0.41096281
A18: Margin at 25% discount | B18: =INDEX('Discount Analysis'!D:D,MATCH(25,'Discount Analysis'!A:A,0)) -> 0.22247628
A19: South shipping % of revenue | B19: =INDEX('Region Analysis'!G:G,MATCH("South",'Region Analysis'!A:A,0)) -> 0.052500478
A20: North Shipping % of revenue(lowest) | B20: =INDEX('Region Analysis'!G:G,MATCH("North",'Region Analysis'!A:A,0)) -> 0.029379157
A21: Consumer segment margin | B21: =INDEX('Customer Segment Analysis'!D:D,MATCH("Consumer",'Customer Segment Analysis'!A:A,0)) -> 0.29208985
A22: Corporate segment margin | B22: =INDEX('Customer Segment Analysis'!D:D,MATCH("Corporate",'Customer Segment Analysis'!A:A,0)) -> 0.3688304

Sheet Orders
A1: Order_ID | B1: Order_Date | C1: Month | D1: Year | E1: Customer_ID | F1: Customer_Segment | G1: Region | H1: Salesperson | I1: Product_Name | J1: Category | K1: Unit_Cost | L1: Unit_Price | M1: Quantity | N1: Discount_% | O1: Shipping_Cost | P1: Payment_Method | Q1: Delivery_Days | R1: Order_Status | S1: Revenue | T1: Total_Cost | U1: Profit | V1: Profit_Margin_%
A2: ORD0001 | B2: 45815 | C2: =TEXT(B2,"mmmm") -> June | D2: =TEXT(B2, "yyyy") -> 2025 | E2: CUST0257 | F2: Consumer | G2: North | H2: Olivia Moore | I2: Blender | J2: Home & Kitchen | K2: 35 | L2: 70 | M2: 1 | N2: 0 | O2: 14 | P2: Card | Q2: 2 | R2: Delivered | S2: =M2*L2*(1-N2/100) -> 70 | T2: =(K2*M2)+O2 -> 49 | U2: =S2-T2 -> 21 | V2: =IF(S2=0, 0, U2/S2) -> 0.3
A3: ORD0002 | B3: 45816 | C3: =TEXT(B3,"mmmm") -> June | D3: =TEXT(B3, "yyyy") -> 2025 | E3: CUST0393 | F3: Consumer | G3: South | H3: Ava Martin | I3: Lipstick | J3: Beauty | K3: 6 | L3: 20 | M3: 1 | N3: 15 | O3: 13 | P3: Digital Wallet | Q3: 6 | R3: Delivered | S3: =M3*L3*(1-N3/100) -> 17 | T3: =(K3*M3)+O3 -> 19 | U3: =S3-T3 -> -2 | V3: =IF(S3=0, 0, U3/S3) -> -0.11764706
A4: ORD0003 | B4: 45817 | C4: =TEXT(B4,"mmmm") -> June | D4: =TEXT(B4, "yyyy") -> 2025 | E4: CUST0138 | F4: Corporate | G4: South | H4: Olivia Moore | I4: Hoodie | J4: Fashion | K4: 25 | L4: 55 | M4: 8 | N4: 5 | O4: 12 | P4: Card | Q4: 6 | R4: Delivered | S4: =M4*L4*(1-N4/100) -> 418 | T4: =(K4*M4)+O4 -> 212 | U4: =S4-T4 -> 206 | V4: =IF(S4=0, 0, U4/S4) -> 0.49282297
A5: ORD0004 | B5: 45818 | C5: =TEXT(B5,"mmmm") -> June | D5: =TEXT(B5, "yyyy") -> 2025 | E5: CUST0089 | F5: Consumer | G5: East | H5: Ethan Harris | I5: Lipstick | J5: Beauty | K5: 6 | L5: 20 | M5: 1 | N5: 20 | O5: 15 | P5: Cash on Delivery | Q5: 4 | R5: Delivered | S5: =M5*L5*(1-N5/100) -> 16 | T5: =(K5*M5)+O5 -> 21 | U5: =S5-T5 -> -5 | V5: =IF(S5=0, 0, U5/S5) -> -0.3125
A6: ORD0005 | B6: 45819 | C6: =TEXT(B6,"mmmm") -> June | D6: =TEXT(B6, "yyyy") -> 2025 | E6: CUST0318 | F6: Corporate | G6: East | H6: Michael Brown | I6: Tennis Racket | J6: Sports | K6: 45 | L6: 90 | M6: 5 | N6: 25 | O6: 8 | P6: Cash on Delivery | Q6: 2 | R6: Delivered | S6: =M6*L6*(1-N6/100) -> 337.5 | T6: =(K6*M6)+O6 -> 233 | U6: =S6-T6 -> 104.5 | V6: =IF(S6=0, 0, U6/S6) -> 0.30962963
A7: ORD0006 | B7: 45820 | C7: =TEXT(B7,"mmmm") -> June | D7: =TEXT(B7, "yyyy") -> 2025 | E7: CUST0343 | F7: Home Office | G7: South | H7: Ava Martin | I7: Tennis Racket | J7: Sports | K7: 45 | L7: 90 | M7: 1 | N7: 20 | O7: 19 | P7: Bank Transfer | Q7: 7 | R7: Delivered | S7: =M7*L7*(1-N7/100) -> 72 | T7: =(K7*M7)+O7 -> 64 | U7: =S7-T7 -> 8 | V7: =IF(S7=0, 0, U7/S7) -> 0.11111111
A8: ORD0007 | B8: 45821 | C8: =TEXT(B8,"mmmm") -> June | D8: =TEXT(B8, "yyyy") -> 2025 | E8: CUST0156 | F8: Home Office | G8: North | H8: Olivia Moore | I8: Smartphone | J8: Electronics | K8: 450 | L8: 620 | M8: 3 | N8: 25 | O8: 14 | P8: Card | Q8: 3 | R8: Delivered | S8: =M8*L8*(1-N8/100) -> 1395 | T8: =(K8*M8)+O8 -> 1364 | U8: =S8-T8 -> 31 | V8: =IF(S8=0, 0, U8/S8) -> 0.022222222
A9: ORD0008 | B9: 45822 | C9: =TEXT(B9,"mmmm") -> June | D9: =TEXT(B9, "yyyy") -> 2025 | E9: CUST0162 | F9: Home Office | G9: East | H9: Olivia Moore | I9: Office Chair | J9: Home & Kitchen | K9: 90 | L9: 160 | M9: 2 | N9: 0 | O9: 6 | P9: Digital Wallet | Q9: 3 | R9: Delivered | S9: =M9*L9*(1-N9/100) -> 320 | T9: =(K9*M9)+O9 -> 186 | U9: =S9-T9 -> 134 | V9: =IF(S9=0, 0, U9/S9) -> 0.41875
A10: ORD0009 | B10: 45823 | C10: =TEXT(B10,"mmmm") -> June | D10: =TEXT(B10, "yyyy") -> 2025 | E10: CUST0153 | F10: Consumer | G10: North | H10: Sophia White | I10: Smartwatch | J10: Electronics | K10: 120 | L10: 180 | M10: 1 | N10: 20 | O10: 8 | P10: Card | Q10: 4 | R10: Delivered | S10: =M10*L10*(1-N10/100) -> 144 | T10: =(K10*M10)+O10 -> 128 | U10: =S10-T10 -> 16 | V10: =IF(S10=0, 0, U10/S10) -> 0.11111111
A11: ORD0010 | B11: 45824 | C11: =TEXT(B11,"mmmm") -> June | D11: =TEXT(B11, "yyyy") -> 2025 | E11: CUST0136 | F11: Home Office | G11: South | H11: James Taylor | I11: Smartphone | J11: Electronics | K11: 450 | L11: 620 | M11: 1 | N11: 15 | O11: 13 | P11: Digital Wallet | Q11: 7 | R11: Delivered | S11: =M11*L11*(1-N11/100) -> 527 | T11: =(K11*M11)+O11 -> 463 | U11: =S11-T11 -> 64 | V11: =IF(S11=0, 0, U11/S11) -> 0.12144213
A12: ORD0011 | B12: 45825 | C12: =TEXT(B12,"mmmm") -> June | D12: =TEXT(B12, "yyyy") -> 2025 | E12: CUST0033 | F12: Home Office | G12: West | H12: Sophia White | I12: Hair Dryer | J12: Beauty | K12: 18 | L12: 40 | M12: 4 | N12: 0 | O12: 15 | P12: Cash on Delivery | Q12: 3 | R12: Cancelled | S12: =M12*L12*(1-N12/100) -> 160 | T12: =(K12*M12)+O12 -> 87 | U12: =S12-T12 -> 73 | V12: =IF(S12=0, 0, U12/S12) -> 0.45625
A13: ORD0012 | B13: 45826 | C13: =TEXT(B13,"mmmm") -> June | D13: =TEXT(B13, "yyyy") -> 2025 | E13: CUST0026 | F13: Corporate | G13: West | H13: Michael Brown | I13: Tennis Racket | J13: Sports | K13: 45 | L13: 90 | M13: 5 | N13: 20 | O13: 6 | P13: Cash on Delivery | Q13: 3 | R13: Delivered | S13: =M13*L13*(1-N13/100) -> 360 | T13: =(K13*M13)+O13 -> 231 | U13: =S13-T13 -> 129 | V13: =IF(S13=0, 0, U13/S13) -> 0.35833333
... A1001: ORD1000 | B1001: 46814 | C1001: =TEXT(B1001,"mmmm") -> March | D1001: =TEXT(B1001, "yyyy") -> 2028 | E1001: CUST0273 | F1001: Consumer | G1001: North | H1001: Ethan Harris | I1001: Office Chair | J1001: Home & Kitchen | K1001: 90 | L1001: 160 | M1001: 1 | N1001: 25 | O1001: 11 | P1001: Digital Wallet | Q1001: 4 | R1001: Delivered | S1001: =M1001*L1001*(1-N1001/100) -> 120 | T1001: =(K1001*M1001)+O1001 -> 101 | U1001: =S1001-T1001 -> 19 | V1001: =IF(S1001=0, 0, U1001/S1001) -> 0.15833333
A1002: Total | S1002: =SUBTOTAL(109,Table1[Revenue]) -> 300900.25 | T1002: =SUBTOTAL(109,Table1[Total_Cost]) -> 226828 | U1002: =SUBTOTAL(109,Table1[Profit]) -> 74072.25

Sheet Time Series Analysis
A3: Row Labels | B3: Sum of Profit | C3: Sum of Revenue | D3: Average of Profit_Margin_%
A4: 2025 | B4: 17053.25 | C4: 70403.25 | D4: 0.30074166
A5: June | B5: 1840.5 | C5: 6440.5 | D5: 0.28435024
A6: July | B6: 1832.5 | C6: 6020.5 | D6: 0.28141351
A7: August | B7: 2411.5 | C7: 12199.5 | D7: 0.29517555
A8: September | B8: 2975.75 | C8: 8601.75 | D8: 0.33486493
A9: October | B9: 3638.25 | C9: 13344.25 | D9: 0.31687866
A10: November | B10: 2398.5 | C10: 12645.5 | D10: 0.30592118
A11: December | B11: 1956.25 | C11: 11151.25 | D11: 0.28415407
A12: 2026 | B12: 26405.5 | C12: 106949.5 | D12: 0.32128233
A13: January | B13: 2599 | C13: 10505 | D13: 0.30173342
A14: February | B14: 1430.5 | C14: 6025.5 | D14: 0.30202075
A15: March | B15: 2249.5 | C15: 11720.5 | D15: 0.29780187
... A42: Grand Total | B42: 74072.25 | C42: 300900.25 | D42: 0.31179369

Sheet Product Analysis
A3: Row Labels | B3: Sum of Profit | C3: Sum of Revenue | D3: Sum of Shipping_Cost | E3: Average of Profit_Margin_%
A4: Smartphone | B4: 9645 | C4: 70401 | D4: 456 | E4: 0.13187933
A5: Laptop | B5: 6523 | C5: 62190 | D5: 367 | E5: 0.086262239
A6: Cookware Set | B6: 4820 | C6: 12348 | D6: 448 | E6: 0.36397247
A7: Office Chair | B7: 4405 | C7: 13744 | D7: 339 | E7: 0.31455154
A8: Microwave | B8: 4233 | C8: 14858 | D8: 425 | E8: 0.27200622
A9: Smartwatch | B9: 3342 | C9: 17046 | D9: 384 | E9: 0.17698669
A10: Tennis Racket | B10: 2806.5 | C10: 7717.5 | D10: 321 | E10: 0.34042971
A11: Hoodie | B11: 2563 | C11: 6061 | D11: 348 | E11: 0.39345911
A12: Coffee Maker | B12: 2550 | C12: 7315 | D12: 315 | E12: 0.31636058
A13: Blender | B13: 2517 | C13: 6510 | D13: 353 | E13: 0.3763246
A14: Grand Total | B14: 43404.5 | C14: 218190.5 | D14: 3756 | E14: 0.27516428

Sheet Region Analysis
A3: Row Labels | B3: Sum of Profit | C3: Sum of Revenue | D3: Sum of Shipping_Cost | F3: Region | G3: Shipping % of Revenue
A4: North | B4: 21634 | C4: 86592 | D4: 2544 | F4: North | G4: =D4/C4 -> 0.029379157
A5: East | B5: 17842.75 | C5: 66582.75 | D5: 2422 | F5: East | G5: =D5/C5 -> 0.036375788
A6: South | B6: 17338.75 | C6: 74570.75 | D6: 3915 | F6: South | G6: =D6/C6 -> 0.052500478
A7: West | B7: 17256.75 | C7: 73154.75 | D7: 2468 | F7: West | G7: =D7/C7 -> 0.033736702
A8: Grand Total | B8: 74072.25 | C8: 300900.25 | D8: 11349

Sheet Product Category Analysis
A3: Row Labels | B3: Sum of Revenue | C3: Sum of Profit | D3: Sum of Shipping_Cost | E3: Sum of Profit Margin Per Category | G3: Product Category | H3: Revenue | I3: Profit | J3: Profit Per Margin Category %
A4: Beauty | B4: 19271.5 | C4: 8471.5 | D4: 2235 | E4: 0.43958695 | G4: Electronics | H4: 171165.25 | I4: 25580.25 | J4: =I4/H4 -> 0.14944768
A5: Electronics | B5: 171165.25 | C5: 25580.25 | D5: 2395 | E5: 0.14944768 | G5: Home & Kitchen | H5: 58267 | I5: 19873 | J5: =I5/H5 -> 0.34106784
A6: Fashion | B6: 27530.25 | C6: 10828.25 | D6: 2233 | E6: 0.39332189 | G6: Sports | H6: 24666.25 | I6: 9319.25 | J6: =I6/H6 -> 0.37781381
A7: Home & Kitchen | B7: 58267 | C7: 19873 | D7: 2224 | E7: 0.34106784 | G7: Fashion | H7: 27530.25 | I7: 10828.25 | J7: =I7/H7 -> 0.39332189
A8: Sports | B8: 24666.25 | C8: 9319.25 | D8: 2262 | E8: 0.37781381 | G8: Beauty | H8: 19271.5 | I8: 8471.5 | J8: =I8/H8 -> 0.43958695
A9: Grand Total | B9: 300900.25 | C9: 74072.25 | D9: 11349 | E9: 0.24616879

Sheet Customer Segment Analysis
A3: Row Labels | B3: Sum of Revenue | C3: Sum of Profit | D3: Average of Profit_Margin_% | E3: Sum of Shipping_Cost
A4: Consumer | B4: 147560 | C4: 33514 | D4: 0.29208985 | E4: 6692
A5: Corporate | B5: 108140.5 | C5: 30064.5 | D5: 0.3688304 | E5: 2620
A6: Home Office | B6: 45199.75 | C6: 10493.75 | D6: 0.3030719 | E6: 2037
A7: Grand Total | B7: 300900.25 | C7: 74072.25 | D7: 0.31179369 | E7: 11349

Sheet Discount Analysis
A3: Row Labels | B3: Sum of Revenue | C3: Sum of Profit | D3: Average of Profit_Margin_% | E3: Sum of Shipping_Cost
A4: 0 | B4: 41330 | C4: 15012 | D4: 0.41096281 | E4: 1545
A5: 5 | B5: 48473.75 | C5: 14481.75 | D5: 0.39563705 | E5: 1355
A6: 10 | B6: 48595.5 | C6: 13610.5 | D6: 0.33703426 | E6: 1762
A7: 15 | B7: 44310.5 | C7: 11153.5 | D7: 0.31136715 | E7: 1833
A8: 20 | B8: 79588 | C8: 14211 | D8: 0.25927176 | E8: 3161
A9: 25 | B9: 38077.5 | C9: 5423.5 | D9: 0.22247628 | E9: 1663
A10: 30 | B10: 525 | C10: 180 | D10: 0.33106061 | E10: 30
A11: Grand Total | B11: 300900.25 | C11: 74072.25 | D11: 0.31179369 | E11: 11349

Sheet Salespeople Analysis
A3: Row Labels | B3: Sum of Profit | C3: Sum of Revenue | D3: Average of Profit_Margin_%
A4: Emily Davis | B4: 8774.25 | C4: 36531.25 | D4: 0.31950098
A5: Ava Martin | B5: 8356.75 | C5: 39864.75 | D5: 0.30678849
A6: Michael Brown | B6: 7891.5 | C6: 35644.5 | D6: 0.31798295
A7: David Wilson | B7: 7792.5 | C7: 30276.5 | D7: 0.30671582
A8: Ethan Harris | B8: 7354.5 | C8: 28128.5 | D8: 0.30613897
A9: Daniel Thomas | B9: 7219.75 | C9: 26797.75 | D9: 0.32719921
A10: James Taylor | B10: 7013.5 | C10: 24978.5 | D10: 0.30102976
A11: Olivia Moore | B11: 6629.25 | C11: 25067.25 | D11: 0.32309544
A12: Sophia White | B12: 6610.25 | C12: 29005.25 | D12: 0.29465013
A13: Sarah Johnson | B13: 6430 | C13: 24606 | D13: 0.31044412
A14: Grand Total | B14: 74072.25 | C14: 300900.25 | D14: 0.31179369

Sheet Payment Method Analysis
A3: Row Labels | B3: Total Profit | C3: Total Revenue | D3: Average Profit Margin
A4: Cash on Delivery | B4: 19447 | C4: 77466 | D4: 0.32033241
A5: Digital Wallet | B5: 19005.75 | C5: 82297.75 | D5: 0.3113716
A6: Card | B6: 18038.5 | C6: 72822.5 | D6: 0.30349802
A7: Bank Transfer | B7: 17581 | C7: 68314 | D7: 0.3120361
A8: Grand Total | B8: 74072.25 | C8: 300900.25 | D8: 0.31179369
